 Dungeon Crawl Stone Soup version 0.19.1 (webtiles) character file.

170 eejhil the Chopper (level 5, -24/47 HPs)
             Began as a Hill Orc Fighter on Nov 23, 2016.
             Killed from afar by an orc (26 damage)
             ... with an exploding inner flame
             ... hexed by the player character
             ... on level 3 of the Dungeon on Dec 23, 2016.
             The game lasted 00:28:30 (2437 turns).

eejhil the Chopper (Hill Orc Fighter)               Turns: 2437, Time: 00:28:31

Health: -24/47     AC:  7    Str: 20    XL:     5   Next: 50%
Magic:  5/5        EV:  9    Int:  8    God:
Gold:   77         SH:  9    Dex: 10    Spells: 0 memorised, 4 levels left

rFire  . . .     SeeInvis .     a - +0 war axe
rCold  . . .     Gourm    .     e - +0 leather armour
rNeg   . . .     Faith    .     c - +0 shield
rPois  .         Spirit   .     u - +2 helmet
rElec  .         Reflect  .     (no cloak)
rCorr  .         Harm     .     i - +0 pair of gloves
MR     .....                    (no boots)
Stlth  +.........               h - amulet of inaccuracy
                                (no ring)
                                (no ring)

@: no status effects
A: no striking features
a: no special abilities


You were on level 3 of the Dungeon.
You were not hungry.

You visited 1 branch of the dungeon, and saw 3 of its levels.

You collected 77 gold pieces.

Inventory:

Hand Weapons
 a - a +0 war axe (weapon)
 l - a +0 mace
 n - a +0 hunting sling
 p - a +0 whip
 B - a +0 dagger
Missiles
 j - 18 arrows
 k - 33 bolts
 s - 87 stones (quivered)
Armour
 c - a +0 shield (worn)
 e - a +0 leather armour (worn)
 i - a +0 pair of gloves (worn)
 u - a +2 helmet (worn)
Jewellery
 h - an amulet of inaccuracy (around neck)
Scrolls
 f - a scroll of enchant weapon {unknown}
Potions
 o - a potion of cure mutation {unknown}
 A - a potion of agility
Comestibles
 g - 2 meat rations


   Skills:
 + Level 4.4 Fighting
 + Level 4.9 Axes
 + Level 4.1 Armour
 + Level 1.0 Dodging
 + Level 0.1 Stealth
 + Level 4.0 Shields


You had 4 spell levels left.
You didn't know any spells.

Dungeon Overview and Level Annotations

Branches:
Dungeon (3/15)

Altars:
Okawaru

Annotations:
D:2 1 runed door


Message History

You feel much better.
As you read the scroll of remove curse, it crumbles to dust.
You feel as if something is helping you.
As you read the scroll labeled WOINARH UJEIFI, it crumbles to dust.
The creatures around you are filled with an inner flame!
It was a scroll of immolation.
You block the orc's attack. The orc closely misses you.
You hit the orc but do no damage. You block the orc's attack.
You hit the orc.
The orc is severely wounded.
You block the orc's attack.
You closely miss something. You hit the orc.
The orc explodes!
The fiery explosion engulfs something.
The fiery explosion engulfs you!
* * * LOW HITPOINT WARNING * * *
Reactivating autopickup.
Your Dodging skill increases to level 1!
You feel a bit more experienced. The fiery explosion engulfs you!
Ouch! That really hurt!
You die...

(. #. #.# #.......# (..
#.##.#####.......# ...)
#...<...##.......#
....(#..#...†##.......#
.....((.#..).....#.#..#
...##(#....##<.....##
.g #.#....##§§#.#.# .
#.#....##§§....#
#......§§@§...##
###############


There were no monsters in sight!

Vanquished Creatures
  Ijyb (D:2)
  An orc wizard (D:3)
  Robin (D:2)
  4 adders (D:2)
  An ooze (D:1)
  A worm (D:2)
  2 dart slugs
  A leopard gecko (D:1)
  A ball python (D:2)
  A giant cockroach (D:2)
  14 goblins
  9 hobgoblins
  7 jackals
  4 bats
  A frilled lizard (D:1)
  5 kobolds
  5 rats
59 creatures vanquished.

Notes
Turn   | Place    | Note
-------+----------+-------------------------------------------
     0 | D:1      | eejhil the Hill Orc Fighter began the quest for the Orb.
     0 | D:1      | Reached XP level 1. HP: 19/19 MP: 1/1
   155 | D:1      | Reached XP level 2. HP: 27/27 MP: 2/2
   442 | D:1      | Reached XP level 3. HP: 33/33 MP: 3/3
   742 | D:1      | Upgraded the game from 0.19.0-26-g9e9c210 to 0.19.1
  1303 | D:2      | Reached XP level 4. HP: 31/40 MP: 4/4
  1494 | D:2      | Found an iron altar of Okawaru.
  1546 | D:2      | Noticed Robin
  1587 | D:2      | Killed Robin
  1663 | D:2      | Noticed Ijyb
  1695 | D:2      | Killed Ijyb
  1695 | D:2      | Reached XP level 5. HP: 36/47 MP: 5/5
  2207 | D:2      | Found a runed door.
  2421 | D:3      | HP: 1/47 [something/puff of flame (3)]
  2437 | D:3      | HP: 2/47 [something/exploding inner flame[the player character] (19)]
  2437 | D:3      | Reached skill level 1 in Dodging
  2437 | D:3      | Killed from afar by an orc

Skill      XL: |  1  2  3  4  5 |
---------------+----------------+-----
Axes           | 3 4 |  4.9
Fighting       | 4 |  4.4
Armour         | 4 |  4.1
Shields        | 4 |  4.0
Dodging        | 1 |  1.0
Stealth        | |  0.1

Action                   |  1- 3 |  4- 6 || total
-------------------------+-------+-------++-------
Melee: War axe           |   103 |   117 ||   220
Throw: Stone             |       |    16 ||    16
  Use: Potion            |     4 |     1 ||     5
       Scroll            |     3 |     4 ||     7
  Eat: Bread ration      |     1 |     1 ||     2
Armor: Scale mail        |    99 |    48 ||   147
       Leather armour    |       |    13 ||    13
Dodge: Dodged            |    43 |    50 ||    93
Block: Shield            |    78 |    85 ||   163
